 Dungeon Crawl Stone Soup version 0.29.0-5-ge4962eb29e (webtiles) character file.

Game seed: 17435009465542051859

392 Flugkiller the Chopper (level 6, 0/56 HPs)
             Began as a Minotaur Fighter on Aug 28, 2022.
             Slain by a kobold brigand
             ... wielding a +0 short sword
              (2 damage)
             ... in a sewer.
             The game lasted 00:01:30 (2709 turns).

Flugkiller the Chopper (Minotaur Fighter)           Turns: 2709, Time: 00:01:31

Health: 0/56       AC:  7    Str: 20    XL:     6   Next: 51%
Magic:  5/5        EV:  9    Int:  5    God:
Gold:   158        SH:  5    Dex: 18    Spells: 5/5 levels left

rFire   . . .      SeeInvis .   a - +0 war axe
rCold   . . .      Faith    .   c - +0 buckler
rNeg    . . .      Spirit   .   b - +0 scale mail
rPois   .          Reflect  .   (helmet restricted)
rElec   .          Harm     .   (no cloak)
rCorr   .          Rampage  .   (no gloves)
Will    .....                   (no boots)
Stlth   ..........              (no amulet)
HPRegen 0.18/turn               j - +6 ring of dexterity
MPRegen 0.09/turn               (no ring)

@: brilliant, lethally poisoned (0 -> -9), slowed, very slow
A: horns 2, retaliatory headbutt
a: no special abilities


You were in a sewer.
You visited 1 branch of the dungeon, and saw 4 of its levels.
You also visited: Sewer.

You collected 158 gold pieces.

Inventory:

Hand Weapons
 a - a +0 war axe (weapon)
Missiles
 l - 3 boomerangs (quivered)
Armour
 b - a +0 scale mail (worn)
 c - a +0 buckler (worn)
Jewellery
 j - a +6 ring of dexterity (left hand)
   (You found it on level 1 of the Dungeon)
Scrolls
 g - 2 scrolls of blinking {unknown}
 k - a scroll of brand weapon {unknown}
 m - 3 scrolls of identify {unknown}
 t - 2 scrolls of teleportation
Potions
 d - 5 potions of might
 f - a potion of brilliance
 i - a potion of heal wounds {unknown}
 n - a potion of berserk rage {unknown}


   Skills:
 + Level 5.2 Fighting
 * Level 5.8 Axes
 + Level 2.0 Throwing
 + Level 5.2 Armour
 - Level 3.6 Shields


You had 5 spell levels left.
You didn't know any spells.
Your spell library was empty.

Dungeon Overview and Level Annotations

Branches:
Dungeon (4/15)              Sewer (1/1)
 Temple: D:4-7

Altars:


Innate Abilities, Weirdness & Mutations

You have a pair of horns on your head.
You reflexively headbutt those who attack you in melee.


Message History

HP restored.
You open the door.
There is an open door here.
You enter the shallow water.
Moving in this stuff is going to be slow.
A ball python comes into view.
The ball python hisses angrily.
A ball python is nearby!
A ball python is nearby!
Your unstable footing causes you to fumble your attack.
The ball python closely misses you. The ball python grabs you.
The ball python constricts you.
The ball python bites you but does no damage.
The ball python constricts you.
You slash the ball python!
You kill the ball python!
You hit the plant.
The plant begins to die.
No target in view!
No target in view!
No target in view!
No target in view!
No target in view!
No target in view!
No target in view!
A nearby plant withers and dies.
You open the large door. 6 kobolds and 2 kobold brigands come into view.
A kobold brigand is wielding a +0 short sword and quivering poisoned darts.
A kobold brigand is wielding a +0 dagger and quivering curare-tipped darts.
The kobold shouts! x3; The kobold brigand shouts!
The kobold shouts! x2
The kobold brigand shouts!
The kobold brigand throws a poisoned dart.
The poisoned dart hits you!
You are poisoned.
Found four items.
Found a gate leading back out of this place.
You closely miss the kobold. You slash the fungus!
The fungus begins to die.
You feel very sick.
The kobold brigand throws a poisoned dart.
You block the poisoned dart.
You hit the kobold. You headbutt the kobold.
You kill the kobold!
You slash the fungus! You hit the kobold.
You feel sick. You block the kobold's attack.
The kobold brigand throws a curare-tipped dart.
The curare-tipped dart hits you.
You are more poisoned.
You have difficulty breathing.
You feel yourself slow down.
You slash the kobold!
You kill the kobold!
You hit the fungus but do no damage. You closely miss the kobold.
You feel very sick. The kobold barely misses you.
The kobold hits you but does no damage.
You barely miss the kobold brigand.
Your headbutt misses the kobold brigand.
You hit the fungus. You hit the kobold.
You feel very sick.
A nearby fungus withers and dies.
The kobold brigand hits you with a +0 short sword.
The kobold hits you with a +0 dagger. You block the kobold's attack.
You slash the kobold!
You kill the kobold!
You hit the kobold brigand but do no damage.
You closely miss the kobold. You hit the kobold.
You kill the kobold!
You feel sick. The kobold barely misses you.
The kobold brigand throws a curare-tipped dart.
The curare-tipped dart hits you.
You are more poisoned.
You have difficulty breathing.
You feel as though you will be slow longer.
You block the kobold brigand's attack. The kobold barely misses you.
The kobold brigand hits you with a +0 short sword.
You are too injured to fight recklessly!
You are too injured to fight recklessly!
You are too injured to fight recklessly!
You are too injured to fight recklessly!
You are too injured to fight recklessly!
You are too injured to fight recklessly!
You are too injured to fight recklessly!
You are too injured to fight recklessly!
You are too injured to fight recklessly!
You are too injured to fight recklessly!
You are too injured to fight recklessly!
You are too injured to fight recklessly!
Unknown command.
It was a potion of brilliance.
You feel clever all of a sudden.
* * * LOW HITPOINT WARNING * * *
You feel very sick. You block the kobold's attack.
The kobold brigand hits you with a +0 short sword.
* * * LOW HITPOINT WARNING * * *
It was a potion of magic.
Magic courses through your body.
* * * LOW HITPOINT WARNING * * *
You feel very sick. The kobold hits you but does no damage.
You block the kobold's attack.
The kobold brigand hits you with a +0 dagger!
* * * LOW HITPOINT WARNING * * *
The kobold brigand hits you with a +0 short sword.
You die...

##### ### ..P..##.#
........########
..........#?.?.#####
.........KK)...#.∩.#
....~~P~.@K..∩?#.∩.#
....~~~~~K#....#...#
######~~########'###
~~~~~~~~~~~~~~~~~~≈#
≈≈≈≈~≈≈≈≈≈~≈≈≈≈≈~≈≈#
~~~~~~~~~~~~~~~~~~≈#
~~~#################
P~~ .~


You could see 2 kobold brigands and 2 kobolds.

Vanquished Creatures
  Grinder (D:3)
  An orc priest (D:3)
  2 orc wizards
  Robin (D:3)
  3 adders
  A worm (D:3)
  A dart slug (D:1)
  9 orcs
  3 endoplasms
  4 giant cockroaches
  10 goblins
  3 hobgoblins (D:1)
  10 kobolds
  3 quokkas
  6 ball pythons
  6 bats
  6 frilled lizards
  8 rats
78 creatures vanquished.

Vanquished Creatures (others)
  A fungus (Sewer)
  A plant (Sewer)
2 creatures vanquished.

Grand Total: 80 creatures vanquished

Notes
Turn   | Place    | Note
-------+----------+-------------------------------------------
     0 | D:1      | Flugkiller the Minotaur Fighter began the quest for the
                  | Orb.
     0 | D:1      | Reached XP level 1. HP: 19/19 MP: 0/0
   128 | D:1      | Reached XP level 2. HP: 26/27 MP: 1/1
   545 | D:1      | Reached XP level 3. HP: 33/33 MP: 2/2
   741 | D:2      | Reached XP level 4. HP: 18/40 MP: 3/3
  1260 | D:2      | You fall into a shaft and drop 1 floor!
  1388 | D:3      | Noticed Robin
  1391 | D:3      | Reached XP level 5. HP: 9/47 MP: 4/4
  1422 | D:3      | Killed Robin
  1423 | D:3      | Reached skill level 1 in Throwing
  1794 | D:3      | Noticed Grinder
  1805 | D:3      | Paralysed by Grinder for 5 turns
  1811 | D:3      | Killed Grinder
  1812 | D:3      | Reached skill level 5 in Fighting
  1812 | D:3      | Reached skill level 5 in Axes
  1812 | D:3      | Reached skill level 5 in Armour
  1812 | D:3      | Reached XP level 6. HP: 22/56 MP: 5/5
  2643 | D:4      | Found a glowing drain.
  2656 | Sewer    | Entered a sewer
  2709 | Sewer    | HP: 2/56 [kobold brigand/+0 dagger (8)]
  2709 | Sewer    | Slain by a kobold brigand

Illustrated notes

Levels and vault maps discovered:
D:1:      dpeg_arrival_erosion, layout_rooms
D:2:      minmay_angry_zag, layout_basic, basic_ecumenical_altar,
          serial_park_tiny_2, dk_noncrumbling_3
D:3:      cheibrodos_pilgrimage, layout_loops_corners, uniq_robin, uniq_grinder
D:4:      layout_basic, old_standard_altar, okawaru_altar_gauntlet_db,
          gammafunk_ghost_cemetery, serial_shops, kennysheep_little_box,
          portal_sewer_entry_d
Sewer:    kennysheep_pipe_town

Skill      XL: |  1  2  3  4  5  6 |
---------------+-------------------+-----
Axes           | 3 4 5 |  5.8
Fighting       | 4 5 |  5.2
Armour         | 4 5 |  5.2
Throwing       | 1 2 |  2.0
Shields        | |  3.6

Action                   |  1- 3 |  4- 6 || total
-------------------------+-------+-------++-------
Melee: War axe           |    76 |    83 ||   159
       Headbutt          |     8 |    13 ||    21
Throw: Boomerang         |       |     1 ||     1
  Use: Scroll            |       |     2 ||     2
       Potion            |       |     2 ||     2
Armor: Scale mail        |    46 |    34 ||    80
Dodge: Dodged            |    37 |    36 ||    73
Block: Buckler           |    20 |    27 ||    47
